 Dungeon Crawl Stone Soup version 0.31.0-32-g396128a36d (webtiles) character file.

Game seed: 17588437673383715683

534 tizbic2 the Shooter (level 7, -1/47 HPs)
             Began as a Demonspawn Hunter on Apr 14, 2024.
             Killed from afar by xzanthius's ghost (4 damage)
             ... with a magic dart
             ... on level 5 of the Dungeon.
             The game lasted 00:15:55 (3104 turns).

tizbic2 the Shooter (Demonspawn Hunter)             Turns: 3104, Time: 00:15:56

Health: -1/47      AC: 12    Str: 14    XL:     7   Next: 4%
Magic:  7/7        EV:  4    Int:  9    God:
Gold:   69         SH:  0    Dex: 16    Spells: 6/6 levels left

rFire   . . .        w - +0 hand cannon (drain)
rCold   . . .        (no shield)
rNeg    . . .        t - +0 plate armour
rPois   .            (helmet restricted)
rElec   .            r - +0 cloak
rCorr   .            q - +0 pair of gloves
SInv    .            (no boots)
Will    .....        m - amulet of the acrobat Stlth
                     (no ring)
HPRegen 0.27/turn    (no ring)
MPRegen 0.10/turn

%: acrobat
@: no status effects
A: antennae 2, foul stench 1, spiny 1, frail 1
a: no special abilities


You were on level 5 of the Dungeon.
You visited 1 branch of the dungeon, and saw 5 of its levels.

You collected 159 gold pieces.
You spent 90 gold pieces at shops.

Inventory:

Hand Weapons
 a - a +0 short sword of speed
 e - a +0 whip of freezing
 n - a +1 sling of draining
 v - a -3 triple sword
 w - a +0 hand cannon of draining (weapon)
Missiles
 s - 4 poisoned darts
Armour
 c - a +0 leather armour
 i - a +0 ring mail of fire resistance
 q - a +0 pair of gloves (worn)
 r - a +0 cloak (worn)
 t - a +0 plate armour (worn)
Magical Staves
 d - a staff of alchemy
Jewellery
 m - an amulet of the acrobat (around neck)
 p - an amulet of magic regeneration
Scrolls
 b - a scroll of butterflies
 f - 2 scrolls of blinking
 g - 4 scrolls of teleportation
 h - 2 scrolls of vulnerability
 j - a scroll of fog {unknown}
 u - a scroll of fear {unknown}
Potions
 l - a potion of attraction
 x - a potion of curing


   Skills:
 + Level 3.9 Fighting
 * Level 5.6 Ranged Weapons
 + Level 1.0 Armour
 - Level 1.8 Dodging
 - Level 1.0 Stealth
 - Level 3.6 Shields


You had 6 spell levels left.
You didn't know any spells.
Your spell library contained the following spells:

 Spells                   Type           Power      Damage    Failure   Level
 Ensorcelled Hibernation  Hex/Ice        0%         N/A       100%        2
 Sublimation of Blood     Necr           0%         N/A       100%        2
 Inner Flame              Hex/Fire       0%         N/A       100%        3
 Passwall                 Erth           0%         N/A       100%        3
 Swiftness                Air            0%         N/A       100%        3
 Flame Wave               Conj/Fire      0%         2d4       100%        4
 Petrify                  Alch/Erth      0%         N/A       100%        4
 Sticky Flame             Fire/Alch      0%         2d4       100%        4
 Irradiate                Conj/Alch      0%         3d11      100%        5


Dungeon Overview and Level Annotations

Branches:
Dungeon (5/15)
 Temple: D:4-7

Altars:
Cheibriados
Vehumet

Shops:
D:3 !   D:4 *

Annotations:
D:3 2 transporters, hawla's ghost, amateur DEFE
D:5 exclusion: statue, xzanthius's ghost, novice NaCj


Innate Abilities, Weirdness & Mutations

You have a pair of antennae on your head.
You may rarely emit foul miasma when damaged in melee.
You are partially covered in sharp spines.
You are frail. (-10% HP)


Message History

Xzanthius's ghost screams, "You must not fail where I succeeded!"
You shoot a bolt. The bolt hits the bullfrog skeleton!
The bullfrog skeleton is moderately damaged.
The bullfrog skeleton hits you.
The bullfrog skeleton hits you but does no damage.
The bullfrog skeleton is struck by your spines.
The bullfrog skeleton hits you but does no damage.
You shoot a bolt.
The bolt barely misses the bullfrog skeleton.
The bolt hits the water moccasin skeleton.
The water moccasin skeleton is moderately damaged.
The bullfrog skeleton hits you but does no damage.
You shoot a bolt.
The bolt hits xzanthius's ghost but does no damage.
Xzanthius's ghost barely misses you.
Xzanthius's ghost gestures at you while chanting.
The magic dart hits you but does no damage.
Xzanthius's ghost gestures at you while chanting.
The magic dart hits you.
You shoot a bolt. The bolt hits xzanthius's ghost!
Xzanthius's ghost is moderately damaged.
Xzanthius's ghost hits you but does no damage.
You are electrocuted!
Xzanthius's ghost screams, "Don't try to defend!
You have no chance!"
Xzanthius's ghost casts a spell at you. The magic dart hits you.
Okay, then.
Okay, then.
You shoot a bolt.
The bolt barely misses xzanthius's ghost.
The bolt barely misses the water moccasin skeleton.
The bolt hits the howler monkey zombie!!
The howler monkey zombie is almost destroyed.
Xzanthius's ghost hits you.
Xzanthius's ghost hits you but does no damage.
You are electrocuted!!
* * * LOW HITPOINT WARNING * * *
Xzanthius's ghost casts a spell at you. The magic dart hits you.
You die...

....# #####.#.#
###.# #.....#.# .
.# #.#####.# ##.
.# #.# #.# #.. .#
#.# #.# #.# .# #.#
#.# #.# .# #.#
##.# #.# .#
#.####..####.###.#
#.##...ZZW@......#
#.##...ZZ###.#####
#.###'''####.#
#.#.$....Z##.#
#.##[....###.#
#.#....... #.#
#.##.$$..# #.#
#### #.#..#.#..
#.# ..# #.########


You could see xzanthius's ghost, a howler monkey zombie, a water moccasin
skeleton, a bullfrog skeleton and a howler monkey skeleton.

Vanquished Creatures
  2 phantoms (D:5)
  2 scorpions
  A bombardier beetle (D:4)
  An orc priest (D:3)
  Jessica (D:3)
  An orc wizard (D:3)
  7 adders
  A white imp (D:5)
  3 dart slugs
  2 ribbon worms (D:2)
  5 orcs
  11 ball pythons
  7 endoplasms
  2 giant cockroaches (D:1)
  5 goblins
  7 hobgoblins
  6 jackals
  2 quokkas
  2 bats
  5 frilled lizards
  9 kobolds
  7 rats
89 creatures vanquished.

Notes
Turn   | Place    | Note
-------+----------+-------------------------------------------
     0 | D:1      | tizbic2 the Demonspawn Hunter began the quest for the Orb.
     0 | D:1      | Reached XP level 1. HP: 16/16 MP: 1/1
    37 | D:1      | Reached skill level 1 in Stealth
   208 | D:1      | Gained mutation: You have a pair of small antennae on your
                  | head. [demonic ancestry]
   208 | D:1      | Reached XP level 2. HP: 22/22 MP: 2/2
   449 | D:1      | Reached skill level 1 in Shields
   620 | D:2      | Found a faded altar of an unknown god.
   634 | D:2      | Reached skill level 4 in Ranged Weapons
   634 | D:2      | Reached XP level 3. HP: 21/28 MP: 3/3
  1272 | D:3      | Gained mutation: You are partially covered in sharp spines.
                  | [demonic ancestry]
  1272 | D:3      | Reached XP level 4. HP: 18/34 MP: 4/4
  1379 | D:3      | Found Huretu's Distillery.
  1431 | D:3      | Bought a potion of mutation for 88 gold pieces
  1431 | D:3      | Gained mutation: You are frail. (-10% HP) [potion of
                  | mutation]
  1443 | D:3      | Noticed Jessica
  1446 | D:3      | Killed Jessica
  1492 | D:3      | Found a transporter.
  1495 | D:3      | Noticed hawla's ghost (amateur DEFE)
  1495 | D:3      | Noticed an ogre
  1498 | D:3      | Noticed an ogre
  1648 | D:3      | Found a transporter.
  1858 | D:3      | Gained mutation: You may rarely emit foul miasma when
                  | damaged in melee. [demonic ancestry]
  1858 | D:3      | Reached XP level 5. HP: 31/36 MP: 5/5
  2271 | D:4      | Found Ibea's Lightly-Used Armoury.
  2286 | D:4      | Bought a -1 hand cannon for 1 gold piece
  2287 | D:4      | Bought a -3 triple sword for 1 gold piece
  2310 | D:4      | Reached skill level 5 in Ranged Weapons
  2310 | D:4      | Reached XP level 6. HP: 41/42 MP: 6/6
  2468 | D:5      | Entered Level 5 of the Dungeon
  2510 | D:5      | Found a snail-covered altar of Cheibriados.
  2930 | D:5      | Found a radiant altar of Vehumet.
  2938 | D:5      | Reached skill level 1 in Armour
  2938 | D:5      | Gained mutation: You have a pair of antennae on your head.
                  | [demonic ancestry]
  2938 | D:5      | Reached XP level 7. HP: 34/47 MP: 7/7
  3071 | D:5      | Found a runed translucent gate.
  3071 | D:5      | Found a runed translucent gate.
  3071 | D:5      | Found a runed translucent gate.
  3076 | D:5      | Noticed xzanthius's ghost (novice NaCj)
  3104 | D:5      | Killed from afar by xzanthius's ghost

Illustrated notes

Levels and vault maps discovered:
D:1:      nicolae_arrival_washed_ashore, layout_loops_ring,
          minmay_split_cup_small
D:2:      layout_basic, basic_ecumenical_altar
D:3:      layout_basic, serial_shops, shop, gammafunk_ghost_smash, uniq_jessica
D:4:      layout_cave_pools, mainiacjoe_overflow_six_doors_small,
          minmay_shop_damaged
D:5:      layout_loops_ring, vehumet_statue, general_overflow_altar,
          gammafunk_ghost_necromancy

Skill      XL: |  1  2  3  4  5  6 |
---------------+-------------------+-----
Stealth        | 1 |  1.0
Shields        | 1 2 3 |  3.6
Ranged Weapons | 4 5 |  5.6
Fighting       | 3 |  3.9
Armour         | 1 |  1.0
Dodging        | |  1.8

Action                     |  1- 3 |  4- 6 |  7- 9 || total
---------------------------+-------+-------+-------++-------
  Melee: Whip              |    23 |     8 |       ||    31
         Punch             |     1 |       |       ||     1
   Fire: Shortbow          |   143 |       |       ||   143
         Sling             |       |    71 |       ||    71
         Hand cannon       |       |    34 |     5 ||    39
    Use: Scroll            |     2 |     8 |       ||    10
         Potion            |       |     7 |       ||     7
 Armour: Leather armour    |    61 |     7 |       ||    68
         Ring mail         |       |    15 |       ||    15
         Plate armour      |       |     4 |    12 ||    16
  Dodge: Dodged            |    84 |    25 |     1 ||   110
